AoeStats
← Bandolero

Runestones

507624958Analyzed
1v1 RM · 13d ago on Sep 19, 2026· 42m 9s· 2 players
Game mode
Random Map
Map size
Tiny (2 player)
Population
200
Speed
Normal
Resources
Standard
Victory
Conquest
Starting age
Dark Age
Ending age
Imperial Age
RankedLock teamsTeams togetherTeam positionsShared explorationLock speedFull tech treeHidden civsTurbo modeCheats
Victory
Defeat
🇦🇷 Maya · Argentina
1359
+16
🇱🇧 Malay · Lebanon
1359
-16
Chdid
13:44 Feudal Age
13:02 Loom
13:34 Town Watch
13:14 Man-at-Arms
15:02 Arson
16:30 Fletching
17:44 Padded Archer Armor
20:50 Wheelbarrow
20:26 Horse Collar
20:37 Double-Bit Axe
24:10 Castle Age
22:25 Double-Bit Axe
23:16 Scale Barding Armor
23:21 Forging
23:34 Forging
23:43 Bodkin Arrow
23:17 Elite Skirmisher
26:09 Husbandry
34:01 Leather Archer Armor
34:19 Light Cavalry
37:37 Imperial Age
35:05 Crossbowman
36:38 Ballistics
37:08 Bracer
38:38 Chemistry
Bandolero
0:26 Loom
9:02 Feudal Age
10:47 Double-Bit Axe
14:48 Fletching
22:58 Castle Age
21:31 Gold Mining
21:45 Padded Archer Armor
22:59 Crossbowman
23:45 Bodkin Arrow
24:48 Wheelbarrow
24:45 Leather Archer Armor
25:23 Town Watch
26:34 Bow Saw
29:54 Sanctity
31:57 Eagle Warrior
34:16 Hand Cart
38:42 Imperial Age
36:39 Scale Mail Armor
36:49 Forging
38:30 Ballistics
38:45 Arbalester
39:31 Thumb Ring
39:31 Bracer
40:02 Ring Archer Armor
40:35 Chemistry
41:18 Two-Man Saw
40:45 Elite Eagle Warrior
41:55 Squires
42:14 Chain Mail Armor
42:35 Iron Casting
43:08 Conscription
Connection lost

Rejoining the realm…

Still unreachable

The connection could not be restored.

Session expired

The server has moved on; the page needs a fresh start.